Selects Airborne Battlegroup
Selects Heavy Machine Gun Paradrop
Heavy Machine Gun Paradrop
Selects Paratrooper Squad Paradrop
Paratrooper Squad Paradrop
Construct Weapon Support Center
Paratrooper Squad Paradrop
Construct Medical Station
Selects Anti-tank Gun Team Paradrop
Anti-tank Gun Team Paradrop
M18 Hellcat Tank Destroyer
M18 Hellcat Tank Destroyer
Selects Carpet Bombing Run
M18 Hellcat Tank Destroyer
M18 Hellcat Tank Destroyer